NWL (28 & UNDER)
BALZAC RAMS @ BISMARCK BARONS
09/02/2023
 
TOP OF THE 1ST
Balzac Rams batting - Pitching for Bismarck Barons : LHP Francisco Morales
Pitching: LHP Francisco Morales
Batting: RHB Thomas Christopher 0-0: Ball
1-0: Ball
2-0: Ball
3-0: Base on Balls
Batting: RHB Tokuhei Kobayashi 0-0: Ball
1-0: Ball
2-0: Ball
3-0: Called Strike
3-1: Base on Balls
Thomas Christopher to second
Batting: RHB Kent O'Cloonan 0-0: Ball
1-0: DOUBLE (Flyball, 78XD)
Thomas Christopher scores
Tokuhei Kobayashi to third
Batting: SHB Chris Bennis 0-0: Called Strike
0-1: Ball
1-1: Ball
2-1: Swinging Strike
2-2: Strikes out swinging
Batting: LHB José Berroa 0-0: Swinging Strike
0-1: Ball
1-1: Ball
2-1: Called Strike
2-2: Strikes out swinging
Batting: RHB Dave Craig 0-0: Ball
1-0: Ball
2-0: Called Strike
2-1: Ball
3-1: Ground out 6-3 (Groundball, 6M)
Top of the 1st over - 1 run(s), 1 hit(s), 0 error(s), 2 left on base; Balzac 1 - Bismarck 0
BOTTOM OF THE 1ST
Bismarck Barons batting - Pitching for Balzac Rams : RHP Anthony Rigsby
Pitching: RHP Anthony Rigsby
Batting: RHB Jorge Espinosa 0-0: Ball
1-0: Ball
2-0: Bunted foul
2-1: Foul Ball, location: 2F
2-2: Ground out 6-3 (Groundball, 6)
Batting: LHB Dave Gray 0-0: Ground out 4-3 (Groundball, 4M)
Batting: RHB Jack Bailey 0-0: Ball
1-0: Swinging Strike
1-1: Ball
2-1: Called Strike
2-2: Ground out 1-3 (Groundball, 13)
Bottom of the 1st over - 0 run(s), 0 hit(s), 0 error(s), 0 left on base; Balzac 1 - Bismarck 0
TOP OF THE 2ND
Balzac Rams batting - Pitching for Bismarck Barons : LHP Francisco Morales
Batting: LHB Colt Pope 0-0: Foul Ball, location: 2F
0-1: Ball
1-1: Ball
2-1: Ball
3-1: Foul Ball, location: 2F
3-2: Base on Balls
Batting: RHB Manuel Pérez 0-0: Ball
1-0: Ball
2-0: Swinging Strike
2-1: Ball
3-1: Called Strike
3-2: Foul Ball, location: 2F
3-2: Base on Balls
Colt Pope to second
Batting: RHB Shawn Bane 0-0: Foul Ball, location: 2F
0-1: Ball
1-1: Ball
2-1: Foul Ball, location: 2F
2-2: Foul Ball, location: 2F
2-2: Foul Ball, location: 2F
2-2: Ground out 4-3 (Groundball, 13)
Colt Pope to third
Manuel Pérez to second
Batting: RHB Thomas Christopher 0-0: Called Strike
0-1: Foul Ball, location: 2F
0-2: Hit by Pitch
Batting: RHB Tokuhei Kobayashi 0-0: Fly out, F6 (Popup, 78S)
Batting: RHB Kent O'Cloonan 0-0: Swinging Strike
0-1: Ball
1-1: Fly out, F8 (Flyball, 8RD)
Top of the 2nd over - 0 run(s), 0 hit(s), 0 error(s), 3 left on base; Balzac 1 - Bismarck 0
BOTTOM OF THE 2ND
Bismarck Barons batting - Pitching for Balzac Rams : RHP Anthony Rigsby
Batting: RHB Paul Ladd 0-0: Ball
1-0: Ball
2-0: Foul Ball, location: 2F
2-1: Ground out 5-3 (Groundball, 5)
Batting: SHB Víctor Serrano 0-0: Called Strike
0-1: Called Strike
0-2: Strikes out swinging
Batting: RHB Gil Watcham 0-0: Ball
1-0: Called Strike
1-1: SINGLE (Groundball, 34D)
Batting: RHB Lúcio Flores 0-0: Ball
1-0: Fly out, F7 (Flyball, 78M)
Bottom of the 2nd over - 0 run(s), 1 hit(s), 0 error(s), 1 left on base; Balzac 1 - Bismarck 0
TOP OF THE 3RD
Balzac Rams batting - Pitching for Bismarck Barons : LHP Francisco Morales
Batting: SHB Chris Bennis 0-0: Ball
1-0: Called Strike
1-1: Swinging Strike
1-2: Foul Ball, location: 2F
1-2: Ball
2-2: Ball
3-2: SOLO HOME RUN (Flyball, 8LXD), Distance : 452 ft
Batting: LHB José Berroa 0-0: Foul Ball, location: 2F
0-1: Fly out, F7 (Line Drive, 7LS)
Batting: RHB Dave Craig 0-0: Ground out 6-3 (Groundball, 6)
Batting: LHB Colt Pope 0-0: Called Strike
0-1: Ball
1-1: Called Strike
1-2: Foul Ball, location: 2F
1-2: Ball
2-2: Ball
3-2: Base on Balls
Batting: RHB Manuel Pérez 0-0: Ball
1-0: Called Strike
1-1: Swinging Strike
1-2: Strikes out looking
Top of the 3rd over - 1 run(s), 1 hit(s), 0 error(s), 1 left on base; Balzac 2 - Bismarck 0
BOTTOM OF THE 3RD
Bismarck Barons batting - Pitching for Balzac Rams : RHP Anthony Rigsby
Batting: RHB Miguel Hernández 0-0: Called Strike
0-1: Ball
1-1: DOUBLE (Line Drive, 5D)
Batting: LHB Paco Sandoval 0-0: Called Strike
0-1: Ball
1-1: Called Strike
1-2: Foul Ball, location: 2F
1-2: Ball
2-2: Foul Ball, location: 2F
2-2: Ball
3-2: Strikes out swinging
Batting: RHB Jorge Espinosa 0-0: Foul Ball, location: 2F
0-1: Ball
1-1: Called Strike
1-2: Strikes out swinging
Batting: LHB Dave Gray 0-0: Ball
1-0: Ball
2-0: Foul Ball, location: 2F
2-1: DOUBLE (Groundball, 5L)
Miguel Hernández scores
Batting: RHB Jack Bailey 0-0: Called Strike
0-1: Ball
1-1: Swinging Strike
1-2: Ball
2-2: Strikes out swinging
Bottom of the 3rd over - 1 run(s), 2 hit(s), 0 error(s), 1 left on base; Balzac 2 - Bismarck 1
TOP OF THE 4TH
Balzac Rams batting - Pitching for Bismarck Barons : LHP Francisco Morales
Batting: RHB Shawn Bane 0-0: Ball
1-0: Foul Ball, location: 2F
1-1: Fly out, F8 (Flyball, 8LM)
Batting: RHB Thomas Christopher 0-0: Called Strike
0-1: Ball
1-1: Swinging Strike
1-2: Ball
2-2: Ball
3-2: Strikes out swinging
Batting: RHB Tokuhei Kobayashi 0-0: Ball
1-0: Foul Ball, location: 2F
1-1: Swinging Strike
1-2: Foul Ball, location: 2F
1-2: Strikes out looking
Top of the 4th over - 0 run(s), 0 hit(s), 0 error(s), 0 left on base; Balzac 2 - Bismarck 1
BOTTOM OF THE 4TH
Bismarck Barons batting - Pitching for Balzac Rams : RHP Anthony Rigsby
Batting: RHB Paul Ladd 0-0: Foul Ball, location: 2F
0-1: Swinging Strike
0-2: Ball
1-2: Ball
2-2: Strikes out looking
Batting: SHB Víctor Serrano 0-0: Ball
1-0: Ball
2-0: Ball
3-0: Base on Balls
Batting: RHB Gil Watcham 0-0: Foul Ball, location: 2F
0-1: Ball
1-1: Swinging Strike
1-2: Ball
2-2: Strikes out looking
Batting: RHB Lúcio Flores 0-0: Ball
1-0: Ball
2-0: Ball
3-0: Called Strike
3-1: SINGLE (Line Drive, 8RS)
Víctor Serrano to second
Runner from 2nd tries for 3rd, SAFE, throw made to third
Batting: RHB Miguel Hernández 0-0: Foul Ball, location: 2F
0-1: Ground out 6-3 (Groundball, 6)
Bottom of the 4th over - 0 run(s), 1 hit(s), 0 error(s), 2 left on base; Balzac 2 - Bismarck 1
TOP OF THE 5TH
Balzac Rams batting - Pitching for Bismarck Barons : LHP Francisco Morales
Batting: RHB Kent O'Cloonan 0-0: Ground out 1-3 (Groundball, 15S)
Batting: SHB Chris Bennis 0-0: Ball
1-0: Swinging Strike
1-1: Swinging Strike
1-2: Ball
2-2: Ball
3-2: Base on Balls
Pitching: LHP Ramón Santos
Batting: LHB José Berroa 0-0: Ball
1-0: Foul Ball, location: 2F
1-1: Ball
2-1: Called Strike
2-2: Strikes out swinging
Batting: RHB Dave Craig 0-0: SINGLE (Line Drive, 34D)
Chris Bennis to second
Runner from 2nd tries for 3rd, SAFE, throw made to third
Batting: LHB Colt Pope 0-0: Ball
1-0: 3-RUN HOME RUN (Flyball, 78XD), Distance : 375 ft
Batting: RHB Manuel Pérez 0-0: Ball
1-0: Fly out, F2 (Popup, 2RF)
Top of the 5th over - 3 run(s), 2 hit(s), 0 error(s), 0 left on base; Balzac 5 - Bismarck 1
BOTTOM OF THE 5TH
Bismarck Barons batting - Pitching for Balzac Rams : RHP Anthony Rigsby
Batting: LHB Paco Sandoval 0-0: Ball
1-0: Ball
2-0: Ball
3-0: Called Strike
3-1: Foul Ball, location: 2F
3-2: Foul Ball, location: 2F
3-2: Strikes out looking
Batting: RHB Jorge Espinosa 0-0: Ball
1-0: Ball
2-0: Bunt for hit - play at first, batter safe!
Batting: LHB Dave Gray 0-0: Called Strike
0-1: Called Strike
0-2: Fly out, F7 (Flyball, 7LM)
Batting: RHB Jack Bailey 0-0: Fielders Choice at 2nd, U6 (Groundball, 6M)
Bottom of the 5th over - 0 run(s), 1 hit(s), 0 error(s), 1 left on base; Balzac 5 - Bismarck 1
TOP OF THE 6TH
Balzac Rams batting - Pitching for Bismarck Barons : LHP Ramón Santos
Batting: RHB Shawn Bane 0-0: Called Strike
0-1: Ball
1-1: Ball
2-1: Called Strike
2-2: Foul Ball, location: 2F
2-2: Ball
3-2: Foul Ball, location: 2F
3-2: Fly out, F3 (Popup, 3L)
Batting: RHB Thomas Christopher 0-0: Ball
1-0: Foul Ball, location: 2F
1-1: DOUBLE (Line Drive, 78M)
Batting: RHB Tokuhei Kobayashi 0-0: Ball
1-0: Ball
2-0: Fly out, F7 (Flyball, 78M)
Batting: RHB Kent O'Cloonan 0-0: Ball
1-0: Swinging Strike
1-1: Swinging Strike
1-2: Ball
2-2: SINGLE (Line Drive, 56)
Thomas Christopher to third
Runner from 3rd tries for Home, SAFE, no throw or cutoff
Pitching: RHP Felix Carrado
Batting: SHB Chris Bennis 0-0: Ball
1-0: Called Strike
1-1: Foul Ball, location: 2F
1-2: Ball
Kent O'Cloonan steals 2nd base
2-2: Strikes out swinging
Top of the 6th over - 1 run(s), 2 hit(s), 0 error(s), 1 left on base; Balzac 6 - Bismarck 1
BOTTOM OF THE 6TH
Bismarck Barons batting - Pitching for Balzac Rams : RHP Anthony Rigsby
Batting: RHB Paul Ladd 0-0: Swinging Strike
0-1: Ball
1-1: Swinging Strike
1-2: Foul Ball, location: 2F
1-2: Ball
2-2: Strikes out looking
Batting: SHB Víctor Serrano 0-0: Ball
1-0: Ground out 4-3 (Groundball, 34)
Batting: RHB Gil Watcham 0-0: Called Strike
0-1: Ball
1-1: Swinging Strike
1-2: Ball
2-2: Ball
3-2: Foul Ball, location: 2F
3-2: Foul Ball, location: 2F
3-2: Strikes out swinging
Bottom of the 6th over - 0 run(s), 0 hit(s), 0 error(s), 0 left on base; Balzac 6 - Bismarck 1
TOP OF THE 7TH
Balzac Rams batting - Pitching for Bismarck Barons : RHP Felix Carrado
Batting: LHB José Berroa 0-0: Ball
1-0: Ball
2-0: Ball
3-0: Base on Balls
Batting: RHB Dave Craig 0-0: Bunt missed!
0-1: Ball
1-1: Sac Bunt - play at first, batter OUT! 6-4
José Berroa to second
Batting: LHB Colt Pope 0-0: Swinging Strike
0-1: Called Strike
Balk!
José Berroa to third
0-2: Ball
1-2: Ground out 5-3 (Groundball, 56)
José Berroa scores
Batting: RHB Manuel Pérez 0-0: Ball
1-0: Foul Ball, location: 2F
1-1: DOUBLE (Line Drive, 89M)
Batting: RHB Shawn Bane 0-0: Called Strike
0-1: Hit by Pitch
Batting: RHB Thomas Christopher 0-0: Foul Ball, location: 2F
0-1: Ball
1-1: Ball
2-1: SINGLE (Groundball, 56)
Manuel Pérez to third
Shawn Bane to second
Throwing error, E7
Manuel Pérez scores
Shawn Bane to third
Thomas Christopher to second
Batting: RHB Tokuhei Kobayashi 0-0: Swinging Strike
0-1: Called Strike
0-2: Strikes out swinging
Top of the 7th over - 2 run(s), 2 hit(s), 1 error(s), 2 left on base; Balzac 8 - Bismarck 1
BOTTOM OF THE 7TH
Bismarck Barons batting - Pitching for Balzac Rams : RHP Anthony Rigsby
Pitching: LHP Tim Jenkins
Batting: RHB Lúcio Flores 0-0: Ball
1-0: Foul Ball, location: 2F
1-1: Foul Ball, location: 2F
1-2: Fly out, F7 (Line Drive, 78M)
Batting: RHB Miguel Hernández 0-0: Foul Ball, location: 2F
0-1: Foul Ball, location: 2F
0-2: Foul Ball, location: 2F
0-2: Foul Ball, location: 2F
0-2: Foul Ball, location: 2F
0-2: Ball
1-2: Ball
2-2: SOLO HOME RUN (Flyball, 9D), Distance : 367 ft
Batting: LHB Paco Sandoval 0-0: Ball
1-0: SINGLE (Line Drive, 7LS)
Batting: RHB Jorge Espinosa 0-0: Ball
Passed Ball!
Paco Sandoval to second
1-0: Ball
2-0: Ball
3-0: Base on Balls
Batting: LHB Dave Gray 0-0: Ball
1-0: Fly out, F3 (Line Drive, 34)
Batting: RHB Jack Bailey 0-0: Ball
1-0: Ball
2-0: Ball
3-0: Base on Balls
Paco Sandoval to third
Jorge Espinosa to second
Batting: RHB Paul Ladd 0-0: GRAND SLAM HOME RUN (Flyball, 7D), Distance : 372 ft
Batting: SHB Víctor Serrano 0-0: Ball
1-0: SINGLE (Line Drive, 89S)
Pitching: RHP Carlos Bamber
Batting: RHB Gil Watcham 0-0: Ball
1-0: Called Strike
1-1: Swinging Strike
1-2: Ball
2-2: Ball
3-2: Strikes out swinging
Bottom of the 7th over - 5 run(s), 4 hit(s), 0 error(s), 1 left on base; Balzac 8 - Bismarck 6
TOP OF THE 8TH
Balzac Rams batting - Pitching for Bismarck Barons : RHP Felix Carrado
Batting: RHB Kent O'Cloonan 0-0: Called Strike
0-1: Foul Ball, location: 2F
0-2: Ball
1-2: Foul Ball, location: 2F
1-2: Fly out, F6 (Popup, 13)
Batting: SHB Chris Bennis 0-0: Ball
1-0: Swinging Strike
1-1: Foul Ball, location: 2F
1-2: Strikes out looking
Batting: LHB José Berroa 0-0: Ground out U3 (Groundball, 3)
Top of the 8th over - 0 run(s), 0 hit(s), 0 error(s), 0 left on base; Balzac 8 - Bismarck 6
BOTTOM OF THE 8TH
Bismarck Barons batting - Pitching for Balzac Rams : RHP Carlos Bamber
Batting: RHB Lúcio Flores 0-0: Ground out 4-3 (Groundball, 4M)
Batting: RHB Miguel Hernández 0-0: Foul Ball, location: 2F
0-1: DOUBLE (Flyball, 8LXD)
Pitching: LHP Richard Dorris
Pinch Runner at 2nd Benito Minardi:
Batting: LHB Paco Sandoval 0-0: Ball
1-0: Fly out, F8 (Flyball, 8LXD)
Runner from 2nd tags up, SAFE at 3rd, no throw
Pitching: RHP Ryan Stewart
Batting: RHB Jorge Espinosa 0-0: Ball
1-0: Ball
2-0: Ball
3-0: Base on Balls
Pitching: LHP José Cortés
Pinch Hitting: RHB Ron James 0-0: Ball
1-0: Ball
2-0: Ground out 4-3 (Groundball, 4)
Bottom of the 8th over - 0 run(s), 1 hit(s), 0 error(s), 2 left on base; Balzac 8 - Bismarck 6
TOP OF THE 9TH
Balzac Rams batting - Pitching for Bismarck Barons : RHP Felix Carrado
Now at 2B: Benito Minardi
Now at 3B: Kiyomitsu Shinoda
Batting: RHB Dave Craig 0-0: Foul Ball, location: 2F
0-1: Ball
1-1: Called Strike
1-2: Strikes out looking
Batting: LHB Colt Pope 0-0: Foul Ball, location: 2F
0-1: Foul Ball, location: 2F
0-2: Ball
1-2: Foul Ball, location: 2F
1-2: Strikes out swinging
Batting: RHB Manuel Pérez 0-0: Called Strike
0-1: Ball
1-1: Foul Ball, location: 2F
1-2: Hit by Pitch
Batting: RHB Shawn Bane 0-0: Called Strike
0-1: Foul Ball, location: 2F
0-2: Ball
1-2: Ball
2-2: Strikes out swinging
Top of the 9th over - 0 run(s), 0 hit(s), 0 error(s), 1 left on base; Balzac 8 - Bismarck 6
BOTTOM OF THE 9TH
Bismarck Barons batting - Pitching for Balzac Rams : LHP José Cortés
Pitching: RHP Shiki Kanno
Batting: RHB Jack Bailey 0-0: Ball
1-0: Ground out 6-3 (Groundball, 6)
Batting: RHB Paul Ladd 0-0: Ball
1-0: Foul Ball, location: 2F
1-1: Called Strike
1-2: Ball
2-2: Foul Ball, location: 2F
2-2: Foul Ball, location: 2F
2-2: SINGLE (Flyball, 78S)
Batting: SHB Víctor Serrano 0-0: Ground out U3 (Groundball, 3S)
Paul Ladd to second
Batting: RHB Gil Watcham 0-0: Called Strike
0-1: Ball
1-1: SINGLE (Line Drive, 56)
Paul Ladd to third
Pinch Hitting: LHB Eric Peterson 0-0: Called Strike
0-1: Ball
1-1: Ball
2-1: Ball
3-1: Base on Balls
Gil Watcham to second
Batting: RHB Benito Minardi 0-0: Swinging Strike
0-1: Swinging Strike
0-2: Ball
1-2: Strikes out swinging
Bottom of the 9th over - 0 run(s), 2 hit(s), 0 error(s), 3 left on base; Balzac 8 - Bismarck 6
This league is powered by Out of the Park Baseball, the baseball management simulation game for PC, Mac and Linux
Wednesday, December 2nd, 2015 - OOTP Baseball 16.8 Build 38